 Dungeon Crawl Stone Soup version 0.30-a0-723-gc1506a1cf0 (webtiles) character file.

Game seed: 9153988946594109024

287 ejparker the Chopper (level 6, 0/36 (52) HPs)
             Began as a Hill Orc Reaver on Jan 28, 2023.
             Slain by Duvessa
             ... wielding a +0 short sword
              (10 damage)
             ... on level 4 of the Dungeon.
             The game lasted 00:24:12 (3338 turns).

ejparker the Chopper (Hill Orc Reaver)              Turns: 3338, Time: 00:24:13

HP:   0/36 (52)     AC:  9    Str: 17    XL:     6   Next: 30%
MP:   4/8           EV: 12    Int: 13    God:
Gold: 251           SH:  0    Dex:  9    Spells: 7/8 levels left

rFire   + . .      SeeInvis .    a - +0 hand axe
rCold   x . .      Faith    .    C - orb {guile}
rNeg    . . .      Spirit   .    R - +0 chain mail
rPois   .          Reflect  .    (no helmet)
rElec   .          Harm     .    N - +0 cloak
rCorr   .          Rampage  .    (no gloves)
Will    .....                    (no boots) Stlth
                                 L - amulet of regeneration
HPRegen 1.06/turn                u - ring of fire
MPRegen 0.11/turn                A - +5 ring of evasion

@: weakened, very slightly contaminated, very heavily drained
A: no striking features
a: no special abilities


You were on level 4 of the Dungeon.
You visited 1 branch of the dungeon, and saw 4 of its levels.

You collected 251 gold pieces.

Inventory:

Hand Weapons
 a - a +0 hand axe (weapon)
 i - a +0 short sword of holy wrath
 l - a +0 hand axe
Missiles
 d - 48 stones
 F - 3 boomerangs
Armour
 C - an orb of guile (worn)
 N - a +0 cloak (worn)
 R - a +0 chain mail (worn)
Jewellery
 b - a ring of protection from cold
 j - a ring of resist corrosion
 u - a ring of fire (left hand)
 A - a +5 ring of evasion (right hand)
 L - an amulet of regeneration (around neck)
Wands
 f - a wand of flame (17)
Scrolls
 e - 4 scrolls of identify {unknown}
 k - a scroll of summoning {unknown}
 m - a scroll of acquirement {unknown}
 n - a scroll of teleportation {unknown}
 o - a scroll of enchant weapon {unknown}
 p - 2 scrolls of noise {unknown}
 r - 2 scrolls of poison {unknown}
 O - a scroll of enchant armour {unknown}
Potions
 c - 3 potions of curing
 g - a potion of brilliance {unknown}
 h - 2 potions of degeneration {unknown}
 s - a potion of flight {unknown}
 x - 3 potions of heal wounds {unknown}
 z - a potion of attraction {unknown}
 B - 2 potions of cancellation {unknown}
 Q - a potion of haste {unknown}


   Skills:
 + Level 3.9 Fighting
 + Level 7.0 Axes
 + Level 2.3 Armour
 + Level 2.0 Dodging
 + Level 1.7 Spellcasting
 + Level 3.2 Conjurations


You had 7 spell levels left.
You knew the following spells:

 Your Spells              Type           Power      Damage    Failure   Level
a - Kiss of Death         Conj/Necr      20%        2d7       91%         1

Your spell library contained the following spells:

 Spells                   Type           Power      Damage    Failure   Level
 Momentum Strike          Conj/Tloc      10%        3d8       97%         2
 Hailstorm                Conj/Ice       5%         3d4       100%        3


Dungeon Overview and Level Annotations

Branches:
Dungeon (4/15)
 Temple: D:4-7

Altars:

Annotations:
D:4 Dowan, Duvessa


Message History

You hit Duvessa but do no damage.
Duvessa is moderately wounded.
The gnoll is no longer moving quickly.
Duvessa closely misses you. The gnoll hits you but does no damage.
You hit Duvessa.
Duvessa is heavily wounded.
Duvessa hits you with a +0 short sword.
* * * LOW HITPOINT WARNING * * *
The gnoll bouda gazes fiercely through you!
You feel as though you will be weak longer.
Dowan casts a spell.
Dowan blinks!
The gnoll closely misses you.
You hit Duvessa but do no damage.
Duvessa is heavily wounded.
Duvessa completely misses you.
The gnoll hits you from afar with a +0 spear.
* * * LOW HITPOINT WARNING * * *
You closely miss Duvessa.
Duvessa is heavily wounded.
Duvessa hits you with a +0 short sword.
* * * LOW HITPOINT WARNING * * *
The gnoll barely misses you.
You hit Duvessa but do no damage.
Duvessa is heavily wounded.
Duvessa barely misses you.
The gnoll bouda barks out a call to the hunt!
The gnolls pick up the pace!
The gnoll hits you but does no damage.
You completely miss Duvessa.
Duvessa is heavily wounded.
Duvessa misses you. The gnoll misses you.
You hit Duvessa but do no damage.
Duvessa is heavily wounded.
Duvessa hits you but does no damage.
The gnoll hits you from afar with a +0 spear.
* * * LOW HITPOINT WARNING * * *
You barely miss Duvessa.
Duvessa is moderately wounded.
Duvessa hits you with a +0 short sword!
You die...

... ..#
..## e..
.. g. . #.
##g# .. #.
#gg# .S.
.. #e#
....##.
##@# ...
... ##..+
#.###.
#..##
..#..#..
##..#
..##....
###...#
.....#..
#.....#
.... #..
#.....##
##..# #..
##...#..+
#...#####.
##.......#
#..#...#..


You could see Duvessa, Dowan, a gnoll bouda and 3 gnolls.

Vanquished Creatures
  An orc priest (D:3)
  A gnoll bouda (D:3)
  An orc wizard (D:4)
  5 gnolls
  5 adders
  2 worms (D:2)
  3 dart slugs
  14 orcs
  5 endoplasms
  5 giant cockroaches
  5 goblins
  10 hobgoblins
  4 jackals (D:1)
  3 kobolds
  3 quokkas
  6 ball pythons
  5 bats
  4 frilled lizards (D:1)
  4 rats
86 creatures vanquished.

Notes
Turn   | Place    | Note
-------+----------+-------------------------------------------
     0 | D:1      | ejparker the Hill Orc Reaver began the quest for the Orb.
     0 | D:1      | Reached XP level 1. HP: 18/18 MP: 3/3
   230 | D:1      | Reached XP level 2. HP: 24/25 MP: 4/4
   442 | D:1      | Reached XP level 3. HP: 19/27 MP: 2/5
  1296 | D:2      | Reached skill level 5 in Axes
  1296 | D:2      | Reached skill level 1 in Armour
  1300 | D:2      | Reached XP level 4. HP: 23/38 MP: 6/6
  2554 | D:3      | Reached XP level 5. HP: 34/45 MP: 7/7
  2600 | D:3      | Reached skill level 6 in Axes
  2628 | D:3      | HP: 2/45 [orc priest/+0 mace (5)]
  2898 | D:3      | Reached XP level 6. HP: 33/33 MP: 8/8
  3216 | D:4      | Reached skill level 7 in Axes
  3281 | D:4      | Noticed Dowan
  3281 | D:4      | Noticed Duvessa
  3338 | D:4      | Slain by Duvessa

Illustrated notes

Levels and vault maps discovered:
D:1:      co_arrival_random_square_maze, layout_basic
D:2:      minmay_wonky_spiral, layout_basic
D:3:      layout_loops_ring, amcnicky_mini_rare_corridor_liquid
D:4:      layout_cave_pools, minmay_divided_ellipse, uniq_menkaure, uniq_duvessa

Skill      XL: |  1  2  3  4  5  6 |
---------------+-------------------+-----
Fighting       | 3 |  3.9
Axes           | 5 6 7 |  7.0
Armour         | 1 2 |  2.3
Dodging        | 2 |  2.0
Spellcasting   | |  1.7
Conjurations   | |  3.2

Action                     |  1- 3 |  4- 6 || total
---------------------------+-------+-------++-------
  Melee: Hand axe          |   129 |   280 ||   409
         Punch             |     2 |     1 ||     3
   Cast: Kiss of Death     |     1 |     3 ||     4
    Use: Potion            |       |     2 ||     2
 Armour: Leather armour    |    41 |       ||    41
         Ring mail         |     7 |    35 ||    42
         Chain mail        |       |    52 ||    52
  Dodge: Dodged            |    77 |   181 ||   258

Table legend: (Time is in decaauts)
 A = Elapsed time spent in this place.
 B = Non-inter-level travel time spent in this place.
 C = Inter-level travel time spent in this place.
 D = Time resting spent in this place.
 E = Time spent auto-exploring this place.
 F = Levels seen in this place.
 G = Mean time per level.
                   A        B        C        D        E       F      G
               +--------+--------+--------+--------+--------+-----+--------+
         Total |   3345 |   3284 |     61 |    149 |   1566 |   4 |  836.2 |
       Dungeon |   3345 |   3284 |     61 |    149 |   1566 |   4 |  836.2 |
               +--------+--------+--------+--------+--------+-----+--------+

Top non-repeatable levels by time:
     D:2: 1243 daAuts
     D:1: 1058 daAuts
     D:3: 812 daAuts
     D:4: 231 daAuts
